Map: Taito Citadel LE

Players

Игпш

  • Race: Terran Terran
  • Spawn Location: 11:00

Xuuupi - Winner!

  • Race: Protoss Protoss
  • League: Master
  • Spawn Location: 5:00

VOD

Have the link to the VOD?

Description

Time

  • Played on: Feb. 12, 2026, 7:45 a.m.
  • Length: 13:34
Show
View Real Time Build Order
Export as new Build Order

Игпш Terran 

Build Orders:  

Get SALT Encoding   

  12  0:04  SCV  
  13  0:15  Supply Depot  
  13  0:19  SCV  
  14  0:36  SCV  
  15  0:43  Barracks  
  15  0:48  SCV  
  16  0:52  Refinery  
  16  1:00  SCV  
  17  1:09  Supply Depot  
  17  1:12  SCV  
  18  1:24  SCV  
  19  1:48  Marine  
  20  2:12  Engineering Bay  
  20  2:26  Command Center  
  20  2:37  Barracks Reactor  
  20  2:44  Barracks  
  20  3:14  Supply Depot  
  20  3:15  Marine x2  
  22  3:29  Bunker  
  22  3:33  Marine x2  
  24  3:39  Terran Infantry Weapons Level 1  
  24  3:51  Marine x2  
  26  4:01  Barracks Tech Lab  
  26  4:09  Marine  
  27  4:17  Factory  
  27  4:19  Planetary Fortress  
  27  4:22  SCV  
  27  4:23  Refinery  
  28  4:28  Marine x2  
  30  4:34  Supply Depot, SCV  
  31  4:47  SCV, Marauder, Marine  
  35  4:57  Supply Depot  
  35  4:59  SCV  
  31  5:05  Missile Turret  
  26  5:08  Marauder  
  26  5:09  Marine x2  
  28  5:20  Supply Depot  
  28  5:21  SCV  
  29  5:44  SCV  
  31  5:50  SCV  
  31  5:57  SCV  
  32  5:58  Factory Tech Lab  
  32  6:09  SCV  
  32  6:11  SCV  
  33  6:32  Marine  
  33  6:33  Marine x2  
  35  6:50  Marine x2  
  31  7:08  Marine  
  31  7:09  Marine x2  
  31  7:12  Siege Tank  
  37  7:26  Marine x2  
  37  7:27  SCV  
  40  7:30  SCV  
  41  7:44  Cyclone  
  41  7:48  Starport  
  44  7:51  SCV  
  44  7:54  Marine  
  46  8:01  Marine  
  46  8:03  SCV  
  48  8:11  Terran Infantry Armor Level 1  
  48  8:17  Orbital Command  
  48  8:30  Medivac  
  50  8:42  SCV  
  51  8:52  Marine  
  51  8:54  SCV  
  53  8:59  Marine  
  53  9:00  Marine, Medivac  
  57  9:06  SCV  
  58  9:10  Marine  
  59  9:17  Marine  
  59  9:18  Missile Turret  
  59  9:19  SCV  
  61  9:28  Marine, Missile Turret  
  62  9:37  Missile Turret  
  62  9:41  SCV  
  63  9:47  Starport Tech Lab  
  63  9:53  SCV  
  64  10:05  SCV  
  44  10:17  SCV  
  37  10:29  SCV  
  37  10:33  Marine x3  
  41  10:41  Siege Tank  
  44  10:47  Viking  
  46  10:51  Marine x3  
  46  10:56  SCV  
  50  11:08  SCV  
  50  11:09  Marine x3  
  50  11:10  Missile Turret  
  54  11:13  Siege Tank  
  57  11:20  SCV  
  58  11:26  Marine  
  59  11:32  SCV  
  59  11:33  Viking  
  62  11:43  Supply Depot x2  
  62  11:45  SCV, Siege Tank  
  66  11:57  Marine  
  67  12:01  Hi-Sec Auto Tracking  
  67  12:15  Marine  
  68  12:32  Refinery  
  68  12:33  Marine x3  
  68  12:34  Barracks  
  71  12:42  Supply Depot  
  71  12:43  Medivac  
  73  12:44  Supply Depot  
  73  12:51  Marine x3  
  76  13:05  Supply Depot  
  76  13:09  Marine x3  
Show
View Real Time Build Order
Export as new Build Order

Xuuupi Protoss - Winner!

Build Orders: Oracle Opening 

Get SALT Encoding   

  12  0:02  Probe  
  13  0:17  Pylon, Probe  
  14  0:28  Probe  
  15  0:36  Gateway, Probe  
  16  0:45  Probe  
  16  0:47  Assimilator  
  17  0:56  Probe  
  18  1:04  Probe  
  19  1:13  Probe  
  20  1:36  Cybernetics Core  
  20  1:40  Pylon  
  20  1:42  Probe  
  21  2:00  Assimilator  
  21  2:02  Probe  
  22  2:08  Nexus  
  22  2:13  Probe  
  23  2:15  Pylon  
  23  2:22  Probe, Stalker  
  23  2:26  Warp Gate  
  26  2:56  Probe  
  27  3:00  Stalker, Stargate  
  27  3:02  Shield Battery  
  27  3:04  Pylon  
  29  3:06  Gateway  
  29  3:08  Probe  
  30  3:17  Probe x2  
  30  3:25  Probe  
  32  3:28  Probe  
  32  3:32  Stalker  
  34  3:35  Probe  
  34  3:39  Probe  
  38  3:47  Probe  
  39  3:50  Oracle  
  39  3:51  Probe  
  39  3:55  Sentry  
  45  3:59  Probe  
  45  4:01  Assimilator  
  46  4:03  Probe, Assimilator  
  47  4:12  Probe x2  
  47  4:15  Sentry  
  51  4:20  Probe  
  51  4:24  Probe  
  53  4:32  Probe  
  53  4:36  Probe  
  55  4:41  Nexus  
  55  4:45  Probe  
  56  4:48  Probe  
  57  4:57  Probe  
  58  5:00  Probe  
  58  5:01  Stalker  
  61  5:20  Pylon  
  61  5:23  Probe  
  61  5:24  Pylon  
  61  5:27  Assimilator  
  62  5:33  Assimilator  
  62  5:34  Gateway  
  62  5:35  Gateway  
  62  5:36  Pylon  
  62  5:37  Gateway  
  62  5:38  Probe x2  
  64  5:43  Pylon  
  64  5:48  Pylon  
  64  5:50  Probe  
  64  5:51  Pylon, Oracle  
  64  5:56  Forge  
  64  5:57  Forge  
  68  5:58  Forge  
  68  6:11  Robotics Facility  
  68  6:13  Robotics Facility  
  68  6:15  Twilight Council  
  68  6:17  Gateway  
  68  6:19  Gateway  
  65  6:29  Stalker x3  
  67  6:42  Stalker x2  
  65  7:00  Stalker  
  65  7:01  Stalker x2  
  71  7:06  Pylon  
  71  7:10  Pylon  
  71  7:11  Pylon  
  71  7:15  Protoss Ground Weapons Level 1  
  71  7:17  Probe x3  
  74  7:25  Probe x3, Stalker x3  
  74  7:26  Stalker x2  
  87  7:31  Blink  
  87  7:34  Probe  
  87  7:36  Probe  
  87  7:37  Robotics Bay, Probe  
  90  7:50  Observer x2, Probe  
  90  7:51  Probe x2  
  95  7:59  Probe x3  
  98  8:11  Shield Battery x2  
  98  8:12  Shield Battery  
  98  8:17  Gateway  
  98  8:18  Gateway  
  98  8:20  Gateway  
  98  8:23  Extended Thermal Lance  
  98  8:25  Probe x3  
  101  8:35  Nexus  
  101  8:37  Probe, Sentry x2  
  101  8:39  Sentry  
  108  8:45  Pylon  
  108  8:47  Pylon  
  108  8:50  Assimilator  
  108  8:52  Assimilator, Protoss Ground Armor Level 1  
  108  8:55  Protoss Shields Level 1  
  108  8:59  Observer  
  108  9:22  Charge  
  107  9:28  Zealot x9  
  107  9:29  Zealot  
  127  9:31  Protoss Ground Weapons Level 2  
  127  9:34  Colossus x2  
  127  9:38  Probe x2  
  141  9:45  Pylon  
  141  9:47  Probe  
  141  9:50  Probe x2  
  134  10:27  Stalker x5, Probe  
  134  10:28  Stalker x5, Probe x2  
  154  10:30  Probe  
  158  10:35  Probe  
  158  10:36  Probe x2  
  160  10:44  Probe x2  
  162  10:58  Pylon  
  162  11:01  Pylon  
  162  11:04  Pylon  
  162  11:10  Pylon  
  162  11:12  Shield Battery  
  162  11:14  Shield Battery  
  162  11:16  Templar Archives  
  162  11:19  Pylon  
  162  11:24  Gateway  
  162  11:26  Gateway  
  162  11:28  Gateway  
  162  11:35  Colossus x2  
  174  11:46  Psionic Storm  
  174  11:50  Shield Battery x2  
  174  11:53  High Templar  
  174  11:54  High Templar x8  
  192  12:21  Nexus, Archon x4  
  192  12:24  High Templar, Pylon  
  192  12:25  High Templar x2  
  192  12:27  Pylon  
  198  12:30  Assimilator  
  198  12:31  Assimilator  
  198  12:32  Pylon  
  198  12:38  Pylon  
Tags
 
League
Master
Matchup
ПvТ
Spawn Locations
Cross Positions
Add a new tag
Caveats
  • Supply blocks, unpowered buildings, or Contaminate may cause inaccurate times.
  • Supply counts are checked every 10 seconds.